 Dungeon Crawl Stone Soup version 0.30-a0-728-gc68057be0a (webtiles) character file.

Game seed: 12850854346564733091

107 CoinPitGoblin the Sneak (level 4, 0/39 HPs)
             Began as a Naga Hunter on Jan 30, 2023.
             Slain by an iguana (13 damage)
             ... on level 3 of the Dungeon.
             The game lasted 00:06:15 (1833 turns).

CoinPitGoblin the Sneak (Naga Hunter)               Turns: 1833, Time: 00:06:16

Health: 0/39       AC:  4    Str: 13    XL:     4   Next: 85%
Magic:  4/4        EV: 14    Int: 10    God:
Gold:   94         SH:  0    Dex: 16    Spells: 3/3 levels left

rFire   . . .      SeeInvis +    b - +0 dagger
rCold   . . .      Faith    .    (no shield)
rNeg    . . .      Spirit   .    c - +0 leather armour
rPois   +          Reflect  .    m - +0 helmet
rElec   .          Harm     .    (no cloak)
rCorr   .          Rampage  .    l - +0 pair of gloves
Will    .....                    (no barding)
Stlth   +++                      (no amulet)
HPRegen 0.26/turn                j - +5 ring of evasion
MPRegen 0.09/turn                (no ring)

@: very slow
A: AC +1, large, see invisible, deformed body, poison resistance, slowness 2,
spit poison 1, naga tail 1
a: Spit Poison


You were on level 3 of the Dungeon.
You visited 1 branch of the dungeon, and saw 3 of its levels.

You collected 94 gold pieces.

Inventory:

Hand Weapons
 a - a +0 shortbow
 b - a +0 dagger (weapon)
 f - a +0 long sword
Armour
 c - a +0 leather armour (worn)
 l - a +0 pair of gloves (worn)
 m - a +0 helmet (worn)
Jewellery
 j - a +5 ring of evasion (left hand)
Wands
 g - a wand of polymorph (3)
Scrolls
 d - a scroll of immolation
 h - a scroll of poison
 k - 2 scrolls of teleportation
Potions
 e - a potion of ambrosia
 i - 2 potions of curing


   Skills:
 - Level 2.0 Fighting
 - Level 3.6 Ranged Weapons
 - Level 1.5 Dodging
 + Level 7.1 Stealth


You had 3 spell levels left.
You didn't know any spells.
Your spell library contained the following spells:

 Spells                   Type           Power      Damage    Failure   Level
 Cigotuvi's Dreadful Rot  Necr/Pois/Air  0%         N/A       58%         2
 Poisonous Vapours        Pois/Air       0%         N/A       58%         2
 Mephitic Cloud           Conj/Pois/Air  0%         N/A       82%         3


Dungeon Overview and Level Annotations

Branches:
Dungeon (3/15)

Altars:


Innate Abilities, Weirdness & Mutations

Your serpentine skin is tough. (AC +1)
You have supernaturally acute eyesight. (SInv)
Armour fits poorly on your strangely shaped body.
Your system is resistant to poisons. (rPois)
You cover ground very slowly.
You can spit poison.
You have a snake-like lower body.


Message History

The iguana barely misses you.
You hit the iguana but do no damage.
The iguana is moderately wounded.
The iguana closely misses you.
You barely miss the iguana.
The iguana is moderately wounded.
The iguana misses you.
You hit the iguana.
The iguana is heavily wounded.
The iguana bites you but does no damage.
You hit the iguana but do no damage.
The iguana is heavily wounded.
The iguana closely misses you.
You closely miss the iguana.
The iguana is heavily wounded.
The iguana completely misses you.
You hit the iguana.
The iguana is severely wounded.
The iguana barely misses you.
You closely miss the iguana.
The iguana is severely wounded.
The iguana bites you.
You hit the iguana but do no damage.
The iguana is severely wounded.
The iguana bites you!
You are too injured to fight recklessly!
You are too injured to fight recklessly!
You are too injured to fight recklessly!
You are too injured to fight recklessly!
You are too injured to fight recklessly!
You barely miss the iguana.
The iguana is severely wounded.
The iguana bites you.
You barely miss the iguana.
The iguana is severely wounded.
The iguana bites you.
You hit the iguana but do no damage.
The iguana is severely wounded.
The iguana bites you!
You die...

#. #.....# ##### #.
#.###.##
....#.##.########.#
#...
#......#.........#
#.). ....
#.########## #.##
...##.##### #.#
#.#......### #.#
#.#.#...........
..##
......l@.....###
###. ..#.###.####.#
#. # #.# .# #. #.#
# ####. #.# ##
#.... #.. .( #.##.
### #.##<##.
#....... # #
####.###


You could see an iguana.

Vanquished Creatures
  Robin (D:2)
  4 adders (D:2)
  2 dart slugs (D:1)
  3 ball pythons
  6 bats
  3 endoplasms
  2 giant cockroaches (D:2)
  11 goblins
  4 hobgoblins
  2 jackals (D:1)
  5 kobolds
  A quokka (D:3)
  6 frilled lizards
  3 rats
53 creatures vanquished.

Notes
Turn   | Place    | Note
-------+----------+-------------------------------------------
     0 | D:1      | CoinPitGoblin the Naga Hunter began the quest for the Orb.
     0 | D:1      | Reached XP level 1. HP: 19/19 MP: 1/1
     6 | D:1      | Reached skill level 2 in Stealth
    95 | D:1      | Reached skill level 3 in Stealth
   123 | D:1      | Reached XP level 2. HP: 26/26 MP: 2/2
   298 | D:1      | Reached skill level 4 in Stealth
   389 | D:1      | Reached XP level 3. HP: 32/32 MP: 3/3
   781 | D:2      | Reached skill level 5 in Stealth
   921 | D:2      | Reached skill level 6 in Stealth
   921 | D:2      | Reached XP level 4. HP: 39/39 MP: 4/4
  1121 | D:2      | Noticed Robin
  1249 | D:2      | Killed Robin
  1250 | D:2      | Reached skill level 7 in Stealth
  1833 | D:3      | Slain by an iguana

Illustrated notes

Levels and vault maps discovered:
D:1:      spicycebolla_arrival_ecumenical, layout_basic
D:2:      layout_rooms, uniq_robin
D:3:      layout_loops_ring

Skill      XL: |  1  2  3  4 |
---------------+-------------+-----
Stealth        | 3 4 6 7 |  7.1
Fighting       | |  2.0
Ranged Weapons | |  3.6
Dodging        | |  1.5

Action                     |  1- 3 |  4- 6 || total
---------------------------+-------+-------++-------
  Melee: Dagger            |       |    70 ||    70
   Fire: Shortbow          |    89 |    23 ||   112
Ability: Spit Poison       |     9 |    13 ||    22
    Use: Scroll            |     1 |     5 ||     6
   Stab: Sleeping          |       |     2 ||     2
 Armour: Leather armour    |    10 |    16 ||    26
  Dodge: Dodged            |    36 |    75 ||   111

Table legend: (Time is in decaauts)
 A = Elapsed time spent in this place.
 B = Non-inter-level travel time spent in this place.
 C = Inter-level travel time spent in this place.
 D = Time resting spent in this place.
 E = Time spent auto-exploring this place.
 F = Levels seen in this place.
 G = Mean time per level.
                   A        B        C        D        E       F      G
               +--------+--------+--------+--------+--------+-----+--------+
         Total |   2345 |   2212 |    133 |      0 |   1702 |   3 |  781.7 |
       Dungeon |   2345 |   2212 |    133 |      0 |   1702 |   3 |  781.7 |
               +--------+--------+--------+--------+--------+-----+--------+

Top non-repeatable levels by time:
     D:1: 1055 daAuts
     D:2: 968 daAuts
     D:3: 322 daAuts
